 Dungeon Crawl Stone Soup version 0.30.2 (webtiles) character file.

Game seed: 1206903606317722817

44 porpoise the Shooter (level 3, -3/28 HPs)
             Began as a Demonspawn Hunter on Feb 1, 2024.
             Slain by a gnoll
             ... wielding a +0 spear
              (7 damage)
             ... on level 2 of the Dungeon.
             The game lasted 00:02:05 (755 turns).

porpoise the Shooter (Demonspawn Hunter)             Turns: 755, Time: 00:02:07

Health: -3/28      AC:  3    Str: 17    XL:     3   Next: 41%
Magic:  3/3        EV: 12    Int: 10    God:
Gold:   25         SH:  0    Dex: 18    Spells: 2/2 levels left

rFire   . . .        a - +0 shortbow
rCold   . . .        (shield currently unavailable)
rNeg    . . .        c - +0 leather armour
rPois   .            (helmet restricted)
rElec   .            (no cloak)
rCorr   .            (no gloves)
SInv    .            (no boots)
Will    .....        (no amulet)
Stlth   ++           d - +6 ring of strength
HPRegen 0.24/turn    (no ring)
MPRegen 0.08/turn

%: no passive effects
@: no status effects
A: horns 1, demonic guardian 1
a: no special abilities


You were on level 2 of the Dungeon.
You visited 1 branch of the dungeon, and saw 2 of its levels.

You collected 25 gold pieces.

Inventory:

Hand Weapons
 a - a +0 shortbow (weapon)
Armour
 c - a +0 leather armour (worn)
Jewellery
 d - a +6 ring of strength (left hand)
Scrolls
 b - a scroll of immolation
 e - a scroll of blinking {unknown}
 g - a scroll of enchant armour {unknown}
Potions
 f - 2 potions of resistance {unknown}
 h - 2 potions of flight {unknown}


   Skills:
 + Level 2.5 Fighting
 * Level 4.2 Ranged Weapons
 - Level 1.7 Dodging
 + Level 1.7 Stealth


You had 2 spell levels left.
You didn't know any spells.
Your spell library contained the following spells:

 Spells                   Type           Power      Damage    Failure   Level
 Apportation              Tloc           0%         N/A       43%         1
 Freeze                   Ice            0%         1d3       43%         1
 Necrotise                Necr           0%         1d4       43%         1
 Summon Small Mammal      Summ           0%         N/A       43%         1
 Frozen Ramparts          Ice            0%         1d1       80%         3
 Hailstorm                Conj/Ice       0%         3d3       80%         3


Dungeon Overview and Level Annotations

Branches:
Dungeon (2/15)

Altars:


Innate Abilities, Weirdness & Mutations

You have a pair of small horns on your head.
A weak demonic guardian rushes to your aid.


Message History

The gnoll throws a throwing net.
The throwing net hits you.
You become entangled in the net!
You are held in a net!
You are held in a net!
You are held in a net!
You are held in a net!
Unknown command.
You struggle against the net.
A gnoll comes into view. It is wielding a +0 whip.
You tear a large gash into the net.
The gnoll hits you from afar with a +0 spear.
You rip the net and break free!
The gnoll shouts!
The gnoll hits you from afar with a +0 spear.
The rat barely misses you.
A gnoll comes into view. It is wielding a +0 halberd.
You shoot an arrow. The gnoll shouts!
The arrow hits the rat.
You kill the rat!
The gnoll barely misses you.
You shoot an arrow.
The arrow hits the gnoll but does no damage.
The gnoll is severely wounded.
The gnoll misses you.
The gnoll hits you from afar with a +0 spear.
You shoot an arrow. The arrow barely misses the gnoll.
The gnoll closely misses you. The gnoll misses you.
You shoot an arrow. The arrow hits the gnoll.
The gnoll is moderately wounded.
The gnoll closely misses you. The gnoll hits you with a +0 whip.
The gnoll closely misses you.
You shoot an arrow. The arrow barely misses the gnoll.
The gnoll barely misses you.
The gnoll hits you from afar with a +0 spear.
The gnoll hits you from afar with a +0 halberd!
* * * LOW HITPOINT WARNING * * *
A demonic guardian appears!
The gnoll hits you from afar with a +0 spear!
You die...

#..)........
#..........#
#..........#
#..........#
#..........#
##..5gg...##
#.....†....####
#....g@g.......
............###
.#.......<..#
#.......†..#
##........##
##........
###..##..# ..##
..# ##. †.#


You could see 4 gnolls and a friendly ufetubus (summoned).

Vanquished Creatures
  An adder (D:2)
  2 dart slugs (D:1)
  3 bats (D:1)
  3 endoplasms (D:1)
  2 giant cockroaches (D:1)
  2 goblins
  3 hobgoblins (D:1)
  2 jackals (D:1)
  A kobold (D:1)
  A quokka (D:1)
  3 ball pythons
  A frilled lizard (D:1)
  6 rats
30 creatures vanquished.

Notes
Turn   | Place    | Note
-------+----------+-------------------------------------------
     0 | D:1      | porpoise the Demonspawn Hunter began the quest for the Orb.
     0 | D:1      | Reached XP level 1. HP: 16/16 MP: 1/1
    23 | D:1      | Reached skill level 1 in Stealth
    87 | D:1      | Gained mutation: A weak demonic guardian rushes to your
                  | aid. [demonic ancestry]
    87 | D:1      | Reached XP level 2. HP: 22/22 MP: 2/2
   163 | D:1      | Reached skill level 4 in Ranged Weapons
   311 | D:1      | Gained mutation: You have a pair of small horns on your
                  | head. [demonic ancestry]
   311 | D:1      | Reached XP level 3. HP: 28/28 MP: 3/3
   755 | D:2      | Slain by a gnoll

Illustrated notes

Levels and vault maps discovered:
D:1:      dpeg_arrival_round_c, layout_basic, chequers_serial_rivers_small_b
D:2:      layout_rooms, moated_statue

Skill      XL: |  1  2 |
---------------+-------+-----
Stealth        | 1 |  1.7
Ranged Weapons | 4 |  4.2
Fighting       | |  2.5
Dodging        | |  1.7

Action                     || total
---------------------------++-------
   Fire: Shortbow          ||    78
 Armour: Leather armour    ||     8
  Dodge: Dodged            ||    32
